 Dungeon Sprint DCSS version 0.28.0-53-g5a82cb258f (webtiles) character file.

Game seed: 18012120253586306949

32968 Zeld the Slayer (level 13, -1/225 (226) HPs)
             Began as a Minotaur Berserker on June 7, 2022.
             Was the Champion of Trog.
             Succumbed to a profane servitor's poison
             ... in the Dungeon (Sprint IV: "Fedhas' Mad Dash").
             The game lasted 00:10:37 (14499 turns).

Zeld the Slayer (Minotaur Berserker)               Turns: 14499, Time: 00:10:38

HP:   -1/225 (226)  AC: 25    Str: 27    XL:     13   Next: 34%
MP:   4/4           EV: 21    Int:  4    God:    Trog [******]
Gold: 58            SH:  0    Dex: 20    Spells: 12/12 levels left

rFire   . . .      SeeInvis +   b - +7 executioner's axe (antimagic)
rCold   + . .      Faith    .   (shield currently unavailable)
rNeg    + . .      Spirit   .   i - +7 pearl dragon scales "Malop" {+Inv rC+ rN+}
rPois   +          Reflect  .   (helmet restricted)
rElec   .          Harm     .   (no cloak)
rCorr   .          Rampage  .   (no gloves)
Will    ++...      NoTele   +   (no boots)
Stlth   .......... NoCast   +   n - amulet "Jaucuuwa" {-Cast -Tele Regen+ Dex+10 SInv}
HPRegen 2.27/turn               c - ring of poison resistance
MPRegen 0.09/turn               (no ring)

@: berserking, lethally poisoned (-1 -> -11), strong-willed, regenerating,
wreathed by umbra, lightly drained, very quick
A: horns 2, retaliatory headbutt
0: Orb of Zot
a: Renounce Religion, Evoke Invisibility, Berserk, Trog's Hand, Brothers in Arms


You were in the Dungeon.
You worshipped Trog.
Trog was exalted by your worship.
You visited 1 branch You collected 505 gold pieces.
You spent 447 gold pieces at shops.

Inventory:

Hand Weapons
 a - a +2 executioner's axe of flaming
 b - a +7 antimagic executioner's axe (weapon)
Armour
 i - the +7 pearl dragon scales "Malop" (worn) {+Inv rC+ rN+}
   (You found it in the Dungeon)

   rC:        It protects you from cold.
   rN:        It protects you from negative energy.
   +Inv:      It lets you turn invisible.
Jewellery
 c - a ring of poison resistance (left hand)
 n - the amulet "Jaucuuwa" (around neck) {-Cast -Tele Regen+ Dex+10 SInv}
   (You found it in the Dungeon)

   [amulet of regeneration]

   Dex:       It affects your dexterity (+10).
   SInv:      It lets you see invisible.
   -Cast:     It prevents spellcasting.
   -Tele:     It prevents most forms of teleportation.
   Regen:     It increases your rate of health regeneration.
Scrolls
 h - a scroll of fear
Potions
 d - a potion of lignification {unknown}
 f - 2 potions of magic
 g - a potion of berserk rage
 k - 3 potions of curing
 m - a potion of brilliance {unknown}


   Skills:
 * Level 24.7 Fighting
 - Level 24.0 Axes
 + Level 18.0 Armour
 + Level 16.7 Dodging


You had 12 spell levels left.
You didn't know any spells.
Your spell library was empty.

Dungeon Overview and Level Annotations

Branches:
Dungeon (1/1)

Altars:
Cheibriados
Dithmenos
Elyvilon
Gozag
Hepliaklqana
Kikubaaqudgha
Makhleb
Nemelex Xobeh
Okawaru
Qazlal
Ru
Sif Muna
Trog
Uskayaw
Vehumet
Wu Jian
Xom
Yredelemnul
Zin
The Shining One
Beogh
Jiyva
Lugonu

Shops:
D (!(*(=*(*?*:?*[[:[[*(


Innate Abilities, Weirdness & Mutations

You have a pair of horns on your head.
You reflexively headbutt those who attack you in melee.


Message History

You feel very sick.
An ice devil comes into view.
Unknown command.
Unknown command.
You slash the demonspawn black sun!
You kill the demonspawn black sun!
Trog accepts your kill.
You slash the profane servitor!
You feel very sick.
The profane servitor hits you with a +1 demon whip of venom.
* * * LOW HITPOINT WARNING * * *
The profane servitor draws strength from your injuries!
You are lethally poisoned!
The profane servitor hits you but does no damage.
You are more poisoned.
Your life force feels restored.
Your Armour skill increases to level 18!
Unknown command.
You completely miss the profane servitor.
You headbutt the profane servitor.
The profane servitor is heavily damaged.
* * * LOW HITPOINT WARNING * * *
You feel very sick.
The profane servitor closely misses you.
You furiously retaliate!
You headbutt the profane servitor!
The profane servitor hits you with a +1 demon whip of venom.
* * * LOW HITPOINT WARNING * * *
You partially resist.
You feel drained.
Unknown command.
You slice the profane servitor like a ripe choko!!!
Your headbutt misses the profane servitor.
The profane servitor is almost destroyed.
* * * LOW HITPOINT WARNING * * *
You feel very sick.
Unknown command.
Unknown command.
You slash the profane servitor!
Your headbutt misses the profane servitor.
The profane servitor is almost destroyed.
You die...

#.....♣..♣..######♣♣♣♣♣..♣.
##'####'######.['......♣).♣
#).#....'.......#♣..♣♣♣.♣..
#.[#.:###.......#.♣♣..♣...♣
###########################
#......................#
#∩...............).....####
#∩...................P.....
#∩........@).............##
###########A##############
#....6s....# ###..####
#.....4....# #....'...
###.P....### #....####
###...## ##....#
#....####.)...####
#..........2..'...
#.)......)....####


You could see a profane servitor, an ice devil and a scorpion (summoned).

Vanquished Creatures
  the Enchantress (D)
  Agnes (D)
  2 ghost moths (D)
  6 spriggan defenders (D)
  A demonspawn black sun (D)
  A blizzard demon (D)
  5 spriggan berserkers (D)
  4 spriggan druids (D)
  3 moths of wrath (D)
  25 oklob plants (D)
  4 demonic crawlers (D)
  2 queen bees (D)
  3 burning bushes (D)
  9 hornets (D)
  3 wandering mushrooms (D)
  4 scorpions (D)
  4 killer bees (D)
  5 oklob saplings (D)
  10 spriggans (D)
  A river rat (D)
  A rat (D)
  A ballistomycete spore (D)
96 creatures vanquished.

Vanquished Creatures (collateral kills)
  A spriggan (D)
  A hornet (D)
2 creatures vanquished.

Vanquished Creatures (others)
  A ballistomycete spore (D)
  2 bushes (D)
  8 fungi (D)
11 creatures vanquished.

Grand Total: 109 creatures vanquished

Notes
Turn   | Place    | Note
-------+----------+-------------------------------------------
     0 | D        | Zeld the Minotaur Berserker began the quest for the Orb.
     0 | D        | Reached XP level 1. HP: 19/19 MP: 0/0
     9 | D        | Reached XP level 2. HP: 28/28 MP: 1/1
   155 | D        | Noticed an oklob sapling
   158 | D        | Killed an oklob sapling
   159 | D        | Reached skill level 5 in Fighting
   159 | D        | Reached skill level 5 in Axes
   159 | D        | Reached XP level 3. HP: 24/37 MP: 2/2
   419 | D        | Noticed a scorpion
   419 | D        | Found the amulet of invisibility {+Inv}
   424 | D        | Killed a scorpion
   424 | D        | Reached ** piety under Trog
   425 | D        | Reached XP level 4. HP: 47/47 MP: 3/3
   676 | D        | Reached skill level 5 in Armour
   911 | D        | Noticed a queen bee
   912 | D        | Noticed a burning bush
   922 | D        | Killed a burning bush
   923 | D        | Reached XP level 5. HP: 58/58 MP: 2/4
   923 | D        | Reached XP level 6. HP: 66/66 MP: 2/5
  1019 | D        | Killed a queen bee
  1020 | D        | Reached XP level 7. HP: 74/74 MP: 4/6
  1035 | D        | Reached *** piety under Trog
  1584 | D        | Noticed an oklob plant
  1590 | D        | Killed an oklob plant
  1591 | D        | Reached XP level 8. HP: 85/85 MP: 4/7
  1625 | D        | Found an opulent altar of Gozag.
  1625 | D        | Found a hazy altar of Hepliaklqana.
  1625 | D        | Found a burning altar of Makhleb.
  1625 | D        | Found a sparkling altar of Nemelex Xobeh.
  1625 | D        | Found a snail-covered altar of Cheibriados.
  1625 | D        | Found a sacrificial altar of Ru.
  1625 | D        | Found a shimmering blue altar of Sif Muna.
  1625 | D        | Found a shimmering altar of Xom.
  1625 | D        | Found a basalt altar of Yredelemnul.
  1629 | D        | Found a viscous altar of Jiyva.
  1629 | D        | Found a bloodstained altar of Trog.
  1629 | D        | Found an ornate altar of the Wu Jian Council.
  1630 | D        | Found an iron altar of Okawaru.
  1630 | D        | Found a shadowy altar of Dithmenos.
  1630 | D        | Found a glowing silver altar of Zin.
  1631 | D        | Found a hide-covered altar of Uskayaw.
  1631 | D        | Found an ancient bone altar of Kikubaaqudgha.
  1632 | D        | Found a stormy altar of Qazlal.
  1632 | D        | Found a glowing golden altar of the Shining One.
  1632 | D        | Found a white marble altar of Elyvilon.
  1633 | D        | Found a radiant altar of Vehumet.
  1633 | D        | Found a corrupted altar of Lugonu.
  1645 | D        | Reached **** piety under Trog
  3101 | D        | Found Noityd's Armour Shop.
  3101 | D        | Found Fedyck's Assorted Antiques.
  3105 | D        | Bought an emerald ring for 110 gold pieces
  3112 | D        | Bought a fizzy golden potion for 19 gold pieces
  3112 | D        | Bought a scroll labelled USSOPR VYGOELL for 22 gold pieces
  3318 | D        | Noticed a burning bush
  3318 | D        | Noticed a wandering mushroom
  3319 | D        | Noticed a wandering mushroom
  3337 | D        | Killed a burning bush
  3636 | D        | Reached ***** piety under Trog
  3816 | D        | Found Unwohaah's Antique Armour Emporium.
  3816 | D        | Found Raram's Armour Shoppe.
  3874 | D        | Noticed a burning bush
  3874 | D        | Noticed an oklob plant
  3875 | D        | Noticed a wandering mushroom
  3875 | D        | Found the +5 robe of Misfortune {Harm *Corrode *Slow EV+5}
  3880 | D        | Killed a burning bush
  3881 | D        | Reached skill level 10 in Armour
  4045 | D        | Killed a wandering mushroom
  4046 | D        | Reached XP level 9. HP: 96/96 MP: 6/8
  4049 | D        | Killed an oklob plant
  4050 | D        | Reached skill level 15 in Axes
  4050 | D        | Reached skill level 10 in Dodging
  4227 | D        | Noticed a spriggan druid
  4240 | D        | Killed a spriggan druid
  4241 | D        | Reached skill level 15 in Fighting
  4731 | D        | Noticed an oklob plant conjurer
  4739 | D        | Killed an oklob plant conjurer
  4739 | D        | Received a gift from Trog
  5093 | D        | Noticed an oklob plant
  5093 | D        | Noticed an oklob plant summoner
  5094 | D        | Noticed an oklob plant shifter
  5102 | D        | Killed an oklob plant
  5105 | D        | Killed an oklob plant summoner
  5107 | D        | Killed an oklob plant shifter
  5108 | D        | Reached XP level 10. HP: 108/108 MP: 7/9
  5158 | D        | Reached ****** piety under Trog
  5164 | D        | Noticed a spriggan rider
  5166 | D        | HP: 4/110 [spriggan rider/+0 spear (25)]
  5175 | D        | Killed a spriggan rider
  5175 | D        | Received a gift from Trog
  5439 | D        | Found Jedios's Assorted Antiques.
  5442 | D        | Found Kymont's Antique Weapon Shoppe.
  5457 | D        | Identified the +1 chain mail of Compression {rF- Dex+4}
  5564 | D        | Noticed Agnes
  5576 | D        | HP: 6/166 [Agnes/+0 lajatang (24)]
  5577 | D        | Killed Agnes
  6007 | D        | Found Tutiast's Antique Armour Emporium.
  6007 | D        | Noticed a spriggan berserker
  6010 | D        | Noticed an elephant
  6014 | D        | Killed a spriggan berserker
  6286 | D        | Found Lydobb's Book Shoppe.
  6288 | D        | Noticed a spriggan defender
  6301 | D        | Killed a spriggan defender
  6302 | D        | Reached XP level 11. HP: 10/121 MP: 10/10
  6591 | D        | Identified the +7 pearl dragon scales "Malop" {+Inv rC+
                  | rN+}
  6702 | D        | Noticed a spriggan rider
  7003 | D        | Received a gift from Trog
  7012 | D        | Noticed an oklob plant shifter
  7012 | D        | Noticed an oklob plant meteorologist
  7252 | D        | Killed an oklob plant meteorologist
  7790 | D        | Killed an oklob plant shifter
  8075 | D        | Noticed a spriggan rider
  8081 | D        | Received a gift from Trog
  8527 | D        | Found Doplau's Antique Weapon Shoppe.
  8527 | D        | Found Fichiv's Jewellery Boutique.
  8527 | D        | Found Cah Waij's Assorted Antiques.
  8527 | D        | Found Heothemu's Antique Weapon Emporium.
  8527 | D        | Found Qodof's Assorted Antiques.
  8528 | D        | Found Saenos's Magic Scroll Emporium.
  8528 | D        | Found Yrologen's Assorted Antiques.
  8528 | D        | Found Cesyuhi's General Store.
  8541 | D        | Bought a scroll of fear for 38 gold pieces
  8542 | D        | Bought a scroll of blinking for 195 gold pieces
  8547 | D        | Bought a potion of curing for 63 gold pieces
  8690 | D        | Noticed an oklob plant
  8690 | D        | Noticed an oklob plant
  8690 | D        | Noticed an oklob plant
  8690 | D        | Noticed an oklob plant
  8690 | D        | Noticed an oklob plant
  8690 | D        | Noticed an oklob plant
  8691 | D        | Noticed an oklob plant
  8694 | D        | Killed an oklob plant
  8695 | D        | Noticed an oklob plant
  8697 | D        | Killed an oklob plant
  8698 | D        | Noticed an oklob plant
  8702 | D        | Killed an oklob plant
  8702 | D        | Received a gift from Trog
  8703 | D        | Noticed an oklob plant
  8707 | D        | Killed an oklob plant
  8708 | D        | Noticed an oklob plant
  8984 | D        | Noticed an oklob plant
  8992 | D        | Killed an oklob plant
  8993 | D        | HP: 1/124 [oklob plant/splash of acid (23)]
  9617 | D        | Killed an oklob plant
  9971 | D        | Killed an oklob plant
 10204 | D        | Killed an oklob plant
 10204 | D        | Killed an oklob plant
 10939 | D        | Killed an oklob plant
 11090 | D        | Killed an oklob plant
 11098 | D        | Killed an oklob plant
 11098 | D        | Received a gift from Trog
 11099 | D        | Reached skill level 15 in Armour
 11330 | D        | Noticed an oklob plant summoner
 11586 | D        | Found Xeas's Book Emporium.
 11587 | D        | Found Ykocs's Magic Scroll Shop.
 11593 | D        | Killed an oklob plant summoner
 11609 | D        | Noticed an oklob plant demonologist
 11609 | D        | Noticed an oklob plant annihilator
 11615 | D        | Noticed a spriggan berserker
 11621 | D        | Killed a spriggan berserker
 11622 | D        | Reached XP level 12. HP: 136/136 MP: 11/11
 11859 | D        | Received a gift from Trog
 11861 | D        | Identified the amulet "Jaucuuwa" {-Cast -Tele Regen+ Dex+10
                  | SInv}
 11914 | D        | Noticed a ghost moth
 11915 | D        | Found Cysaqin's Distillery.
 11915 | D        | Found Pocihusm's Weapon Emporium.
 11915 | D        | Found Rynwac's Weapon Shoppe.
 11926 | D        | Killed a ghost moth
 12405 | D        | Noticed a spriggan defender
 12405 | D        | Noticed a spriggan defender
 12420 | D        | Killed a spriggan defender
 12423 | D        | Killed a spriggan defender
 12672 | D        | Received a gift from Trog
 12673 | D        | Reached skill level 15 in Dodging
 12673 | D        | Noticed a death yak
 13015 | D        | Received a gift from Trog
 13345 | D        | Noticed a spriggan defender
 13352 | D        | Killed a spriggan defender
 13404 | D        | Noticed a ghost moth
 13412 | D        | Killed a ghost moth
 13412 | D        | Received a gift from Trog
 13591 | D        | Noticed the Enchantress
 13603 | D        | Killed the Enchantress
 13604 | D        | Reached XP level 13. HP: 148/148 MP: 4/12
 13858 | D        | Received a gift from Trog
 14255 | D        | Noticed a spriggan defender
 14255 | D        | Noticed a spriggan defender
 14261 | D        | Killed a spriggan defender
 14263 | D        | Killed a spriggan defender
 14263 | D        | Received a gift from Trog
 14348 | D        | Got the Orb of Zot
 14471 | D        | Noticed a profane servitor
 14480 | D        | Noticed a demonspawn blood saint
 14481 | D        | Noticed a blizzard demon
 14481 | D        | Noticed a demonspawn black sun
 14491 | D        | Killed a blizzard demon
 14495 | D        | HP: 11/225 [poisoned by a profane servitor]
 14496 | D        | Killed a demonspawn black sun
 14497 | D        | HP: 4/226 [poisoned by a profane servitor]
 14498 | D        | HP: 1/225 [poisoned by a profane servitor]
 14499 | D        | Succumbed to a profane servitor's poison

Illustrated notes

Levels and vault maps discovered:
D:        dungeon_sprint_fedhas [sprint_temple]

Skill      XL: |  1  2  3  4  5  6  7  8  9 10 11 12 13 |
---------------+----------------------------------------+-----
Fighting       | 4 5 7 9 11 12 14 16 18 21 23 24 | 24.7
Axes           | 4 5 7 9 11 12 14 16 18 21 23 24 | 24.0
Armour         | 3 4 6 7 8 10 11 13 15 17 18 | 18.0
Dodging        | 3 4 6 7 8 9 11 12 14 15 16 | 16.7

Action                   |  1- 3 |  4- 6 |  7- 9 | 10-12 | 13-15 || total
-------------------------+-------+-------+-------+-------+-------++-------
Melee: Hand axe          |     7 |    13 |    89 |       |       ||   109
       Headbutt          |     2 |     5 |    25 |    41 |     5 ||    78
       Punch             |       |     1 |     3 |     4 |       ||     8
       War axe           |       |       |     7 |    45 |       ||    52
       Broad axe         |       |       |       |   136 |       ||   136
       Executioner's axe |       |       |       |    31 |    42 ||    73
Invok: Berserk           |     3 |     3 |     8 |     9 |     1 ||    24
       Trog's Hand       |       |       |     2 |     1 |     1 ||     4
       Brothers in Arms  |       |       |       |     1 |       ||     1
 Abil: Evoke Invisibilit |       |     4 |     9 |    15 |     1 ||    29
  Use: Potion            |       |       |     2 |       |     2 ||     4
       Scroll            |       |       |       |     4 |       ||     4
 Stab: Invisible         |       |     1 |    10 |    18 |     1 ||    30
       Sleeping          |       |       |     2 |       |       ||     2
Armor: Animal skin       |       |       |     4 |       |       ||     4
       Pearl dragon scal |       |       |       |    43 |    34 ||    77
Dodge: Dodged            |     1 |     4 |    45 |    85 |    58 ||   193
